MWL (24 & UNDER)
COLUMBIA 08S @ WISCONSIN RAPIDS RANGERS
08/15/2027
 
TOP OF THE 1ST
Columbia 08s batting - Pitching for Wisconsin Rapids Rangers : RHP Juan Contreras
Pitching: RHP Juan Contreras
Batting: RHB Ben Barker 0-0: Called Strike
0-1: Ball
1-1: Foul Ball, location: 2F
1-2: Ball
2-2: Strikes out swinging
Batting: RHB Nicoli Turina 0-0: SINGLE (Flyball, 8LS)
Batting: RHB Carlos López 0-0: Ball
1-0: Foul Ball, location: 2F
1-1: Ball
2-1: Ball
3-1: SINGLE (Groundball, 4M) (infield hit)
Nicoli Turina to second
Batting: RHB Chris Burrell 0-0: Foul Ball, location: 2F
0-1: Ball
1-1: Foul Ball, location: 2F
1-2: Foul Ball, location: 2F
1-2: Ball
2-2: Ball
3-2: SINGLE (Line Drive, 6D)
Nicoli Turina to third
Carlos López to second
Batting: LHB Dave Raines 0-0: Called Strike
0-1: Swinging Strike
0-2: Strikes out looking
Batting: RHB Pedro López 0-0: Swinging Strike
0-1: Foul Ball, location: 2F
0-2: Foul Ball, location: 2F
0-2: Strikes out swinging
Top of the 1st over - 0 run(s), 3 hit(s), 0 error(s), 3 left on base; Columbia 0 - Wisconsin Rapids 0
BOTTOM OF THE 1ST
Wisconsin Rapids Rangers batting - Pitching for Columbia 08s : RHP Sancho Mendoza
Pitching: RHP Sancho Mendoza
Batting: LHB Ronald Gordon 0-0: Ball
1-0: Ball
2-0: Called Strike
2-1: DOUBLE (Line Drive, 7LD)
Batting: LHB Javier Mejía 0-0: Fly out, F7 (Flyball, 7LSF)
Batting: RHB Wilfred Martin 0-0: Ball
1-0: Ball
2-0: Foul Ball, location: 2F
2-1: Swinging Strike
2-2: Ball
3-2: Foul Ball, location: 2F
3-2: Foul Ball, location: 2F
3-2: Base on Balls
Batting: LHB Luis Rodríguez 0-0: Ball
1-0: Called Strike
1-1: Grounds into double play, 4-6-3 (Groundball, 4)
Bottom of the 1st over - 0 run(s), 1 hit(s), 0 error(s), 1 left on base; Columbia 0 - Wisconsin Rapids 0
TOP OF THE 2ND
Columbia 08s batting - Pitching for Wisconsin Rapids Rangers : RHP Juan Contreras
Batting: RHB Carlos Estrada 0-0: Ground out 5-3 (Groundball, 56S)
Batting: RHB James Hunter 0-0: Called Strike
0-1: Swinging Strike
0-2: Foul Ball, location: 2F
0-2: Ball
1-2: Ball
2-2: Strikes out looking
Batting: RHB Henry Fox 0-0: Called Strike
0-1: Ball
1-1: Ball
2-1: Fly out, F8 (Flyball, 78M)
Top of the 2nd over - 0 run(s), 0 hit(s), 0 error(s), 0 left on base; Columbia 0 - Wisconsin Rapids 0
BOTTOM OF THE 2ND
Wisconsin Rapids Rangers batting - Pitching for Columbia 08s : RHP Sancho Mendoza
Batting: RHB Miguel Toro 0-0: DOUBLE (Line Drive, 9LM)
Batting: SHB Jacob Wilcox 0-0: Swinging Strike
0-1: Ball
1-1: Called Strike
1-2: Ball
2-2: Strikes out swinging
Batting: LHB Jean-Sébastien Beaudin 0-0: SINGLE (Line Drive, 4MD)
Miguel Toro to third
Runner from 3rd tries for Home, SAFE, no throw
Batting: LHB Ángelo Lara 0-0: Called Strike
0-1: Swinging Strike
0-2: Foul Ball, location: 2F
0-2: Ball
1-2: Fielders Choice at 2nd, 4-6 (Groundball, 34)
Batting: RHB Luis López 0-0: Ball
1-0: Foul Ball, location: 2F
1-1: Ball
2-1: Foul Ball, location: 2F
2-2: Strikes out looking
Bottom of the 2nd over - 1 run(s), 2 hit(s), 0 error(s), 1 left on base; Columbia 0 - Wisconsin Rapids 1
TOP OF THE 3RD
Columbia 08s batting - Pitching for Wisconsin Rapids Rangers : RHP Juan Contreras
Batting: RHB Ben Barker 0-0: Ball
1-0: Swinging Strike
1-1: Foul Ball, location: 2F
1-2: Ball
2-2: Strikes out swinging
Batting: RHB Nicoli Turina 0-0: Called Strike
0-1: Ball
1-1: Called Strike
1-2: Ball
2-2: Foul Ball, location: 2F
2-2: Ball
3-2: Strikes out swinging
Batting: RHB Carlos López 0-0: Called Strike
0-1: Ball
1-1: Swinging Strike
1-2: Strikes out looking
Top of the 3rd over - 0 run(s), 0 hit(s), 0 error(s), 0 left on base; Columbia 0 - Wisconsin Rapids 1
BOTTOM OF THE 3RD
Wisconsin Rapids Rangers batting - Pitching for Columbia 08s : RHP Sancho Mendoza
Batting: LHB Ronald Gordon 0-0: Swinging Strike
0-1: Ball
1-1: Ball
2-1: Ball
3-1: Called Strike
3-2: SINGLE (Line Drive, 4M)
Batting: LHB Javier Mejía 0-0: Ground out U3 (Groundball, 3S)
Ronald Gordon to second
Batting: RHB Wilfred Martin 0-0: Called Strike
0-1: Fly out, F9 (Flyball, 9)
Batting: LHB Luis Rodríguez 0-0: Ball
1-0: Called Strike
1-1: Ball
2-1: Ball
3-1: Called Strike
3-2: Foul Ball, location: 2F
3-2: Foul Ball, location: 2F
3-2: SINGLE (Line Drive, 8LM)
Ronald Gordon to third
Ronald Gordon scores
Batting: RHB Miguel Toro 0-0: Fielders Choice at 2nd, 5-4 (Groundball, 5)
Bottom of the 3rd over - 1 run(s), 2 hit(s), 0 error(s), 0 left on base; Columbia 0 - Wisconsin Rapids 2
TOP OF THE 4TH
Columbia 08s batting - Pitching for Wisconsin Rapids Rangers : RHP Juan Contreras
Batting: RHB Chris Burrell 0-0: Ball
1-0: Ball
2-0: Ball
3-0: Base on Balls
Batting: LHB Dave Raines 0-0: Foul Ball, location: 2F
0-1: Ball
1-1: Foul Ball, location: 2F
1-2: Ball
2-2: Ball
3-2: Fielders Choice at 2nd, 3-6 (Groundball, 3)
Batting: RHB Pedro López 0-0: Ball
Dave Raines is caught stealing 2nd base
1-0: Foul Ball, location: 2F
1-1: Foul Ball, location: 2F
1-2: SINGLE (Groundball, 4MD)
Batting: RHB Carlos Estrada 0-0: Ball
1-0: Called Strike
1-1: Swinging Strike
1-2: Foul Ball, location: 2F
1-2: Fly out, F8 (Flyball, 8RM)
Top of the 4th over - 0 run(s), 1 hit(s), 0 error(s), 1 left on base; Columbia 0 - Wisconsin Rapids 2
BOTTOM OF THE 4TH
Wisconsin Rapids Rangers batting - Pitching for Columbia 08s : RHP Sancho Mendoza
Batting: SHB Jacob Wilcox 0-0: Foul Ball, location: 2F
0-1: Ball
1-1: Ball
2-1: SINGLE (Flyball, 8LS)
Batting: LHB Jean-Sébastien Beaudin 0-0: Ball
1-0: Fly out, F8 (Flyball, 8RD)
Batting: LHB Ángelo Lara 0-0: Ball
1-0: Ball
2-0: Fly out, F9 (Flyball, 9D)
Batting: RHB Luis López 0-0: Ball
Jacob Wilcox steals 2nd base
1-0: SINGLE (Groundball, 56D)
Jacob Wilcox to third
Runner from 3rd tries for Home, SAFE, no throw
Batting: LHB Ronald Gordon 0-0: Ball
1-0: Swinging Strike
1-1: Called Strike
1-2: Foul Ball, location: 2F
1-2: Foul Ball, location: 2F
1-2: Ball
2-2: Ball
3-2: SINGLE (Groundball, 34D)
Luis López to second
Luis López to third
Batting: LHB Javier Mejía 0-0: Ground out 3-1 (Groundball, 34)
Bottom of the 4th over - 1 run(s), 3 hit(s), 0 error(s), 2 left on base; Columbia 0 - Wisconsin Rapids 3
TOP OF THE 5TH
Columbia 08s batting - Pitching for Wisconsin Rapids Rangers : RHP Juan Contreras
Batting: RHB James Hunter 0-0: Ball
1-0: Ball
2-0: Ball
3-0: Base on Balls
Batting: RHB Henry Fox 0-0: Called Strike
0-1: Ball
1-1: Called Strike
1-2: Strikes out swinging
Batting: RHB Ben Barker 0-0: Hit by Pitch
James Hunter to second
Batting: RHB Nicoli Turina 0-0: Ball
1-0: Ball
2-0: SINGLE (Line Drive, 7S)
James Hunter to third
Ben Barker to second
Runner from 3rd tries for Home, SAFE, throw made home
Batting: RHB Carlos López 0-0: SINGLE (Groundball, 6D)
Ben Barker to third
Nicoli Turina to second
Runner from 3rd tries for Home, SAFE, no throw
Batting: RHB Chris Burrell 0-0: Called Strike
0-1: Called Strike
0-2: Ball
1-2: Ball
2-2: Ball
3-2: Base on Balls
Nicoli Turina to third
Carlos López to second
Pitching: RHP Willard Mason
Batting: LHB Dave Raines 0-0: Called Strike
0-1: Called Strike
0-2: Ball
1-2: Ball
2-2: Ball
3-2: Foul Ball, location: 2F
3-2: Fly out, F6 (Line Drive, 6)
Batting: RHB Pedro López 0-0: SINGLE (Line Drive, 6M)
Nicoli Turina scores
Carlos López to third
Chris Burrell to second
Batting: RHB Carlos Estrada 0-0: Called Strike
0-1: Ball
1-1: Ball
2-1: Called Strike
2-2: Foul Ball, location: 2F
2-2: Foul Ball, location: 2F
2-2: Ball
3-2: Ground out 1-3 (Groundball, P)
Top of the 5th over - 3 run(s), 3 hit(s), 0 error(s), 3 left on base; Columbia 3 - Wisconsin Rapids 3
BOTTOM OF THE 5TH
Wisconsin Rapids Rangers batting - Pitching for Columbia 08s : RHP Sancho Mendoza
Batting: RHB Wilfred Martin 0-0: Foul Ball, location: 2F
0-1: Called Strike
0-2: Ball
1-2: Ball
2-2: Ball
3-2: Strikes out swinging
Batting: LHB Luis Rodríguez 0-0: Called Strike
0-1: Foul Ball, location: 2F
0-2: Ball
1-2: Foul Ball, location: 2F
1-2: Strikes out swinging
Batting: RHB Miguel Toro 0-0: Ground out 4-3 (Groundball, 4S)
Bottom of the 5th over - 0 run(s), 0 hit(s), 0 error(s), 0 left on base; Columbia 3 - Wisconsin Rapids 3
TOP OF THE 6TH
Columbia 08s batting - Pitching for Wisconsin Rapids Rangers : RHP Willard Mason
Batting: RHB James Hunter 0-0: Called Strike
0-1: Called Strike
0-2: Ball
1-2: SINGLE (Line Drive, 3D)
Batting: RHB Henry Fox 0-0: Hit by Pitch
James Hunter to second
Batting: RHB Ben Barker 0-0: Called Strike
0-1: Ball
1-1: Reached on error, E5 (Groundball, 56)
James Hunter to third
Henry Fox to second
Batting: RHB Nicoli Turina 0-0: Swinging Strike
0-1: Foul Ball, location: 2F
0-2: Ball
1-2: SINGLE (Groundball, 6D)
James Hunter scores
Henry Fox to third
Ben Barker to second
Runner from 3rd tries for Home, SAFE, no throw
Pitching: LHP Gregory Thompson
Batting: RHB Carlos López 0-0: Fielders Choice at 2nd, 5-4 (Groundball, 56)
Ben Barker to third
Batting: RHB Chris Burrell 0-0: Called Strike
0-1: Ball
Carlos López steals 2nd base
1-1: Intentional Walk
Batting: LHB Dave Raines 0-0: Ball
1-0: Foul Ball, location: 2F
1-1: Grounds into fielders choice 4-2 (Groundball, 4)
Carlos López to third
Chris Burrell to second
Batting: RHB Pedro López 0-0: Called Strike
0-1: Ball
1-1: Called Strike
1-2: Ball
2-2: Ground out U3 (Groundball, 3S)
Top of the 6th over - 2 run(s), 2 hit(s), 1 error(s), 3 left on base; Columbia 5 - Wisconsin Rapids 3
BOTTOM OF THE 6TH
Wisconsin Rapids Rangers batting - Pitching for Columbia 08s : RHP Sancho Mendoza
Batting: SHB Jacob Wilcox 0-0: Called Strike
0-1: Swinging Strike
0-2: Strikes out swinging
Pitching: RHP Jorge Amador
Batting: LHB Jean-Sébastien Beaudin 0-0: Ball
1-0: Ball
2-0: Ball
3-0: Base on Balls
Batting: LHB Ángelo Lara 0-0: Swinging Strike
0-1: Ball
1-1: SINGLE (Groundball, 4D)
Jean-Sébastien Beaudin to second
Runner from 2nd tries for 3rd, SAFE, no throw
Batting: RHB Luis López 0-0: Ball
1-0: Called Strike
1-1: Foul Ball, location: 2F
1-2: Strikes out swinging
Batting: LHB Ronald Gordon 0-0: Called Strike
0-1: SINGLE (Line Drive, 8LS)
Jean-Sébastien Beaudin scores
Ángelo Lara to second
Batting: LHB Javier Mejía 0-0: Swinging Strike
0-1: SINGLE (Flyball, 78S)
Ángelo Lara to third
Ronald Gordon to second
Runner from 3rd tries for Home, SAFE, no throw
Pitching: RHP José Peńa
Batting: RHB Wilfred Martin 0-0: Called Strike
0-1: Ball
1-1: Swinging Strike
1-2: 3-RUN HOME RUN (Flyball, 7D), Distance : 357 ft
Batting: LHB Luis Rodríguez 0-0: Called Strike
0-1: Ball
1-1: Ball
2-1: Ball
3-1: Base on Balls
Batting: RHB Miguel Toro 0-0: Ball
1-0: Called Strike
1-1: Foul Ball, location: 2F
1-2: Ball
2-2: Strikes out swinging
Bottom of the 6th over - 5 run(s), 4 hit(s), 0 error(s), 1 left on base; Columbia 5 - Wisconsin Rapids 8
TOP OF THE 7TH
Columbia 08s batting - Pitching for Wisconsin Rapids Rangers : LHP Gregory Thompson
Batting: RHB Carlos Estrada 0-0: Called Strike
0-1: Called Strike
0-2: Strikes out swinging
Batting: RHB James Hunter 0-0: Swinging Strike
0-1: Ball
1-1: Called Strike
1-2: Ball
2-2: Foul Ball, location: 2F
2-2: Strikes out swinging
Batting: RHB Henry Fox 0-0: Fly out, F1 (Popup, 15)
Top of the 7th over - 0 run(s), 0 hit(s), 0 error(s), 0 left on base; Columbia 5 - Wisconsin Rapids 8
BOTTOM OF THE 7TH
Wisconsin Rapids Rangers batting - Pitching for Columbia 08s : RHP José Peńa
Batting: SHB Jacob Wilcox 0-0: Ball
1-0: Ball
2-0: Foul Ball, location: 2F
2-1: Foul Ball, location: 2F
2-2: Strikes out looking
Batting: LHB Jean-Sébastien Beaudin 0-0: Ball
1-0: Ball
2-0: Called Strike
2-1: Ball
3-1: Base on Balls
Batting: LHB Ángelo Lara 0-0: Called Strike
Jean-Sébastien Beaudin is caught stealing 2nd base
0-1: Called Strike
0-2: Strikes out looking
Bottom of the 7th over - 0 run(s), 0 hit(s), 0 error(s), 0 left on base; Columbia 5 - Wisconsin Rapids 8
TOP OF THE 8TH
Columbia 08s batting - Pitching for Wisconsin Rapids Rangers : LHP Gregory Thompson
Batting: RHB Ben Barker 0-0: Ball
1-0: Swinging Strike
1-1: Ball
2-1: Called Strike
2-2: Foul Ball, location: 2F
2-2: Ball
3-2: Ground out 6-3 (Groundball, 6)
Batting: RHB Nicoli Turina 0-0: Called Strike
0-1: Ball
1-1: Swinging Strike
1-2: Ball
2-2: Foul Ball, location: 2F
2-2: Ball
3-2: Strikes out looking
Batting: RHB Carlos López 0-0: Ball
1-0: Called Strike
1-1: Ball
2-1: Called Strike
2-2: Ground out 4-3 (Groundball, 34)
Top of the 8th over - 0 run(s), 0 hit(s), 0 error(s), 0 left on base; Columbia 5 - Wisconsin Rapids 8
BOTTOM OF THE 8TH
Wisconsin Rapids Rangers batting - Pitching for Columbia 08s : RHP José Peńa
Batting: RHB Luis López 0-0: SINGLE (Line Drive, 8LS)
Batting: LHB Ronald Gordon 0-0: Called Strike
0-1: Ball
1-1: Called Strike
1-2: Ball
Passed Ball!
Luis López to second
2-2: Ball
3-2: Intentional Walk
Batting: LHB Javier Mejía 0-0: Ball
1-0: Sac Bunt - play at first, batter OUT! 1-3
Luis López to third
Ronald Gordon to second
Batting: RHB Wilfred Martin 0-0: Fly out, F9 (Line Drive, 9)
Throwing error, E9
Luis López scores
Ronald Gordon to third
Batting: LHB Luis Rodríguez 0-0: Ball
1-0: Ball
2-0: Ball
3-0: Base on Balls
Pitching: RHP Charles Palmeiro
Batting: RHB Miguel Toro 0-0: Ball
1-0: Ball
2-0: Foul Ball, location: 2F
2-1: Ground out 6-3 (Groundball, 6S)
Bottom of the 8th over - 1 run(s), 1 hit(s), 1 error(s), 2 left on base; Columbia 5 - Wisconsin Rapids 9
TOP OF THE 9TH
Columbia 08s batting - Pitching for Wisconsin Rapids Rangers : LHP Gregory Thompson
Pitching: RHP José Padilla
Batting: RHB Chris Burrell 0-0: Ball
1-0: DOUBLE (Line Drive, 8LD)
Batting: LHB Dave Raines 0-0: Ball
Wild Pitch!
Chris Burrell to third
1-0: Ground out U3 (Groundball, 34)
Chris Burrell scores
Batting: RHB Pedro López 0-0: Ball
1-0: Foul Ball, location: 2F
1-1: Called Strike
1-2: Foul Ball, location: 2F
1-2: Strikes out swinging
Batting: RHB Carlos Estrada 0-0: Ball
1-0: Ground out 5-3 (Groundball, 56)
Top of the 9th over - 1 run(s), 1 hit(s), 0 error(s), 0 left on base; Columbia 6 - Wisconsin Rapids 9
Thursday, March 30th, 2017 - OOTP Baseball 17.12 Build 75